 Dungeon Crawl Stone Soup version 0.16-a0-3596-g438c78e (webtiles) character file.

46 PolkaDot the Caller (level 3, -3/26 HPs)
             Began as a Draconian Summoner on Jan 12, 2015.
             Slain by a gnoll
             ... wielding a +0 spear
              (5 damage)
             ... on level 2 of the Dungeon.
             The game lasted 00:03:23 (1825 turns).

PolkaDot the Caller (Draconian Summoner)            Turns: 1825, Time: 00:03:23

Health: -3/26      AC:  5    Str: 10    XL:     3   Next: 44%
Magic:  1/6        EV: 12    Int: 16    God:
Gold:   103        SH:  0    Dex: 11    Spells: 2 memorised, 3 levels left

rFire  . . .     SeeInvis .       - Unarmed
rCold  . . .     Clarity  .     (armour unavailable)
rNeg   . . .     SustAb   .     (no shield)
rPois  .         Gourm    .     (helmet restricted)
rElec  .         Spirit   .     (no cloak)
rCorr  .         Warding  .     (no gloves)
rMut   .         Stasis   .     (no boots)
MR     .....                    (no amulet)
Stlth  ++........               (no ring)
                                (no ring)

@: very slightly contaminated, hasted, very quick, not resistant to hostile
enchantments, unstealthy
A: unfitting armour, cold-blooded, AC +5
a: no special abilities


You were on level 2 of the Dungeon.
You were hungry.

You visited 1 branch of the dungeon, and saw 2 of its levels.

You collected 103 gold pieces.

Inventory:

Scrolls
 e - a scroll of remove curse {unknown}
 f - 2 scrolls of identify {unknown}
Potions
 a - a potion of magic
Books
 b - a book of Callings

   Spells                             Type                      Level
   a - Summon Small Mammal            Summoning                    1
   b - Call Imp                       Summoning                    2
   c - Call Canine Familiar           Summoning                    3
   d - Summon Guardian Golem          Hexes/Summoning              4
   e - Summon Lightning Spire         Summoning/Air                4
   f - Summon Ice Beast               Ice/Summoning                4
Comestibles
 c - a bread ration
 g - 2 chunks of flesh


   Skills:
 + Level 2.2 Dodging
 - Level 1.7 Stealth
 * Level 2.0 Unarmed Combat
 - Level 2.0 Spellcasting
 + Level 4.3 Summonings


You had 3 spell levels left.
You knew the following spells:

 Your Spells              Type           Power        Failure   Level  Hunger
s - Call Imp              Summ           ###.....     8%          2    ###....
z - Summon Small Mammal   Summ           ###.         4%          1    #......


Dungeon Overview and Level Annotations

Branches:
Dungeon (2/15)

Altars:
Ashenzari


Innate Abilities, Weirdness & Mutations

Your plain brown scales are hard (AC +5).
Your body does not fit into most forms of armour.
Your cold-blooded metabolism reacts poorly to cold.


Message History

The gnoll hits your white imp.
You swap places.
Your white imp hits the gnoll.
Your white imp freezes the gnoll.
The gnoll hits your white imp with a halberd!
Your white imp dies!
Your crimson imp barely misses the gnoll.
The gnoll misses something.
Your crimson imp hits the gnoll.
The gnoll hits your crimson imp!
Your crimson imp barely misses the gnoll.
The gnoll barely misses your crimson imp.
Your crimson imp closely misses the gnoll.
The gnoll hits your crimson imp!
Your crimson imp dies!
Some of the chunks of flesh in your inventory have rotted away.
You hit the gnoll but do no damage.
Your tail-slap misses the gnoll.
The gnoll is almost dead.
The gnoll hits you!
* * * LOW HITPOINT WARNING * * *
The gnoll hits you from afar with a spear.
You die...

######### ####
#########.......# ##...
#......##.#####.####.###
#.####.##.##......#)## #
#.##...@.....##.#..##
#.##5#g##.#####.#..#
#.##.#g##.#####.#..#####
#...5..##.......#.#.##.#
####.############.##.<..
#.†# #.##.... #)##
#.##.#.# ##.## #......#
##...## ##.....#


You could see 2 gnolls and a friendly crimson imp.

Vanquished Creatures
  A gnoll (D:2)
  An adder (D:2)
  A ball python (D:1)
  4 bats
  5 hobgoblins
  2 jackals (D:1)
  5 kobolds (D:1)
  6 goblins
  5 rats
30 creatures vanquished.

Vanquished Creatures (others)
  A crimson imp (D:2)
  2 shadow imps (D:2)
  A white imp (D:2)
4 creatures vanquished.

Grand Total: 34 creatures vanquished

Notes
Turn   | Place    | Note
--------------------------------------------------------------
     0 | D:1      | PolkaDot, the Draconian Summoner, began the quest for the Orb.
     0 | D:1      | Reached XP level 1. HP: 14/14 MP: 3/3
   611 | D:1      | Reached XP level 2. HP: 20/20 MP: 4/4
   772 | D:1      | Reached skill level 1 in Unarmed Combat
  1392 | D:1      | Learned a level 2 spell: Call Imp
  1737 | D:2      | Reached XP level 3. HP: 26/26 MP: 6/6
  1761 | D:2      | Found a shattered altar of Ashenzari.
  1825 | D:2      | Slain by a gnoll

Action                   || total
-------------------------++-------
Melee: Unarmed           ||   195
 Cast: Call Imp          ||     6
  Use: Potion            ||     3
  Eat: Chunk             ||     3
